Map: Dusk Towers

Players

PlaneSite - Winner!

  • Race: Protoss Protoss
  • League: Master

ClipSitch

  • Race: Terran Terran
  • League: Master

VOD

Have the link to the VOD?

Description

Time

  • Played on: Jan. 15, 2016, 8:09 p.m.
  • Length: 8:26
Show
View Real Time Build Order
Export as new Build Order

PlaneSite Protoss - Winner!

Build Orders:  

Get SALT Encoding   

  12  0:02  Probe (Chrono Boost)  
  13  0:12  Probe (Chrono Boost)  
  14  0:17  Pylon  
  14  0:23  Probe (Chrono Boost)  
  15  0:36  Probe (Chrono Boost)  
  15  0:37  Gateway  
  16  0:46  Probe (Chrono Boost)  
  17  0:50  Assimilator  
  17  0:55  Assimilator  
  18  0:57  Probe (Chrono Boost)  
  18  1:07  Probe (Chrono Boost)  
  18  1:10  Pylon  
  19  1:18  Probe (Chrono Boost)  
  20  1:24  Cybernetics Core  
  20  1:28  Probe (Chrono Boost)  
  21  1:39  Probe (Chrono Boost)  
  22  1:49  Probe (Chrono Boost)  
  23  2:00  Probe (Chrono Boost)  
  24  2:08  Nexus  
  24  2:10  Probe (Chrono Boost)  
  25  2:21  Probe (Chrono Boost)  
  26  2:32  Probe (Chrono Boost)  
  27  2:40  Nexus  
  27  2:44  Mothership Core (Chrono Boost)  
  29  2:51  Warp Gate  
  28  3:04  Robotics Facility  
  28  3:06  Probe (Chrono Boost)  
  29  3:14  Pylon  
  29  3:16  Probe (Chrono Boost)  
  30  3:21  Probe (Chrono Boost)  
  30  3:24  Stalker  
  34  3:27  Probe (Chrono Boost)  
  34  3:32  Probe (Chrono Boost)  
  35  3:37  Probe (Chrono Boost)  
  35  3:40  Twilight Council  
  36  3:42  Probe (Chrono Boost)  
  36  3:48  Probe (Chrono Boost)  
  38  3:51  Probe x2 (Chrono Boost)  
  38  3:52  Observer (Chrono Boost)  
  41  3:59  Probe  
  41  4:01  Probe  
  41  4:02  Probe  
  44  4:10  Pylon  
  44  4:11  Probe  
  44  4:12  Probe x2  
  44  4:13  Observer (Chrono Boost)  
  48  4:17  Assimilator  
  48  4:20  Blink (Chrono Boost)  
  48  4:21  Assimilator  
  48  4:23  Probe x3  
  51  4:33  Probe x2  
  51  4:35  Probe  
  51  4:37  Observer  
  55  4:41  Gateway  
  55  4:44  Probe  
  55  4:45  Gateway  
  56  4:48  Probe  
  56  4:50  Probe  
  58  4:55  Probe  
  58  4:56  Pylon  
  59  5:00  Probe  
  59  5:02  Probe  
  59  5:05  Probe  
  62  5:09  Gateway  
  62  5:12  Gateway  
  62  5:13  Gateway x2  
  62  5:15  Observer  
  63  5:22  Probe  
  63  5:23  Pylon  
  64  5:29  Forge  
  64  5:30  Forge  
  64  5:34  Stalker  
  65  5:40  Observer  
  66  5:53  Pylon  
  66  6:00  Robotics Bay  
  66  6:04  Pylon  
  66  6:06  Pylon  
  66  6:12  Stalker x5  
  66  6:13  Stalker x2  
  66  6:15  Probe  
  66  6:16  Protoss Ground Armor Level 1 (Chrono Boost)  
  66  6:17  Probe  
  82  6:22  Immortal, Protoss Ground Weapons Level 1 (Chrono Boost), Assimilator  
  86  6:28  Assimilator  
  86  6:36  Stalker x2  
  86  6:37  Stalker x4  
  98  6:46  Pylon  
  98  6:48  Photon Cannon  
  98  6:52  Adept  
  100  7:00  Pylon  
  100  7:01  Immortal, Pylon  
  100  7:02  Adept x2  
  108  7:12  Adept x2  
  108  7:13  Adept  
  114  7:24  Adept x4  
  122  7:35  Probe  
  123  7:41  Gateway, Warp Prism  
  125  7:45  Gateway  
  125  7:46  Gateway  
  125  7:47  Probe  
  125  7:48  Probe  
  127  7:52  Templar Archives  
  127  8:11  Stalker x2  
  127  8:12  Stalker x5  
Show
View Real Time Build Order
Export as new Build Order

ClipSitch Terran 

Build Orders: MMM Bio 

Get SALT Encoding   

  12  0:00  SCV  
  13  0:13  SCV  
  14  0:18  Supply Depot  
  14  0:25  SCV  
  15  0:40  SCV  
  15  0:41  Barracks  
  16  0:46  Refinery  
  16  0:52  SCV  
  17  1:04  SCV  
  18  1:16  SCV  
  19  1:29  Orbital Command  
  19  1:30  Barracks Reactor  
  19  1:46  Command Center  
  18  2:03  Bunker  
  18  2:07  SCV  
  19  2:12  Supply Depot  
  19  2:13  Marine x2  
  21  2:19  SCV  
  22  2:31  SCV  
  22  2:34  Factory  
  23  2:42  Refinery  
  23  2:43  Marine x2  
  25  2:49  SCV  
  27  3:00  Orbital Command  
  27  3:04  SCV  
  27  3:05  Marine x2  
  29  3:18  Starport  
  29  3:19  Factory Tech Lab  
  29  3:22  SCV  
  29  3:23  Marine x2  
  32  3:27  SCV  
  32  3:34  SCV  
  34  3:39  Cyclone  
  34  3:40  SCV  
  34  3:41  Marine x2  
  38  3:46  SCV  
  41  3:52  SCV  
  41  3:54  Viking  
  44  3:58  SCV  
  44  3:59  Marine  
  46  4:02  Supply Depot  
  46  4:14  Engineering Bay  
  46  4:24  SCV  
  47  4:32  Barracks  
  47  4:34  Factory Tech Lab  
  47  4:37  Barracks  
  47  4:40  Stimpack  
  47  4:43  Marauder  
  47  4:45  Medivac  
  51  4:47  SCV x2  
  53  4:59  SCV  
  54  5:05  Supply Depot  
  54  5:06  Terran Infantry Weapons Level 1  
  54  5:07  Supply Depot  
  54  5:08  Supply Depot  
  54  5:22  Refinery  
  54  5:23  Refinery  
  54  5:27  SCV x2, Siege Tank, Marine x3  
  62  5:30  Barracks Tech Lab  
  62  5:39  SCV x2  
  64  5:45  Marine x2  
  64  5:46  Missile Turret  
  64  5:49  Missile Turret  
  66  5:51  SCV x2  
  66  5:52  Marine x2, Starport Reactor  
  66  5:56  Command Center  
  70  6:03  SCV  
  71  6:09  Combat Shields  
  71  6:13  SCV, Marine  
  71  6:14  Marine  
  74  6:22  Barracks  
  74  6:23  Barracks  
  74  6:27  Marauder x2  
  78  6:36  Supply Depot  
  78  6:40  Supply Depot, Siege Tank  
  78  6:41  SCV  
  82  6:50  Medivac x2  
  86  6:58  SCV  
  86  6:59  Supply Depot, Marauder  
  89  7:04  Marauder  
  88  7:13  Marine  
  88  7:14  Barracks Reactor, Barracks Tech Lab  
  89  7:17  SCV  
  89  7:19  SCV  
  89  7:21  Marauder  
  93  7:29  SCV  
  92  7:31  SCV, Marine  
  92  7:38  Orbital Command  
  92  7:41  SCV  
  93  7:45  Marine x2  
  93  7:46  SCV, Marauder  
  98  7:57  Marine x2  
  98  7:58  Marauder  
  102  7:59  SCV  
  102  8:00  Marine  
  102  8:02  SCV  
  102  8:04  SCV  
  106  8:07  Engineering Bay  
  106  8:08  Armory  
  106  8:11  SCV  
  98  8:14  SCV  
Tags
 
Composition
MMM Bio
Matchup
PvT
Add a new tag
Caveats
  • Supply blocks, unpowered buildings, or Contaminate may cause inaccurate times.
  • Supply counts are checked every 10 seconds.